 Dungeon Crawl Stone Soup version 0.22-a0-542-gce4f928 (webtiles) character file.

28 iamserjio the Insei (level 3, 1/27 HPs)
             Began as a Draconian Monk on June 24, 2018.
             Quit the game on level 2 of the Dungeon.
             The game lasted 00:02:59 (281 turns).

iamserjio the Insei (Draconian Monk)                 Turns: 281, Time: 00:03:00

Health: 1/27       AC:  5    Str: 13    XL:     3   Next: 0%
Magic:  3/3        EV: 13    Int: 11    God:
Gold:   16         SH:  0    Dex: 13    Spells: 2/2 levels left

rFire    . . .     SeeInvis .     - Unarmed
rCold    . . .     Gourm    .   (no shield)
rNeg     . . .     Faith    .   (armour unavailable)
rPois    .         Spirit   .   (helmet restricted)
rElec    .         Reflect  .   (no cloak)
rCorr    .         Harm     .   (no gloves)
MR       .....     Clarity  +   (no boots)
Stlth    ++........             (no amulet)
HPRegen  0.09/turn              (no ring)
MPRegen  0.08/turn              (no ring)

@: lethally poisoned (1 -> -4), very slightly contaminated, invisible
A: unfitting armour, clarity, frail 1, cold-blooded, AC +5
a: no special abilities


You were on level 2 of the Dungeon.
You were not hungry.

You visited 1 branch of the dungeon, and saw 3 of its levels.

You collected 16 gold pieces.

Inventory:

Missiles
 e - 4 stones (quivered)
Scrolls
 b - a scroll of teleportation {unknown}
 c - a scroll of enchant armour {unknown}
Comestibles
 a - 2 rations


   Skills:
 - Level 3.2 Fighting
 - Level 3.0 Dodging
 - Level 1.7 Stealth
 * Level 4.0 Unarmed Combat


You had 2 spell levels left.
You didn't know any spells.
Your spell library was empty.

Dungeon Overview and Level Annotations

Branches:
Dungeon (3/15)

Altars:


Innate Abilities, Weirdness & Mutations

Your plain brown scales are hard. (AC +5)
You cannot fit into any form of body armour.
You are cold-blooded and may be slowed by cold attacks.
You possess an exceptional clarity of mind.
You are frail. (-10% HP)


Message History

You climb upwards.
There is a stone staircase leading down here.
Found a scroll labeled SEOLLO OSHRO DEOLA.
The adder bites you.
* * * LOW HITPOINT WARNING * * *
You are lethally poisoned!
The adder poisons you! The adder bites you.
* * * LOW HITPOINT WARNING * * *
Found a scroll labeled ZOAPHI HUMI.
It was a potion of mutation.
You feel extremely strange.
You feel frail.
Your thoughts seem clearer.
* * * LOW HITPOINT WARNING * * *
You feel sick. The adder bites you.
* * * LOW HITPOINT WARNING * * *
It was a potion of invisibility.
You fade into invisibility!
* * * LOW HITPOINT WARNING * * *
You feel sick. The adder completely misses you.
You are very lightly contaminated with residual magic.
Are you sure you want to abandon this character and quit the game? (Confirm with "yes".)

##............##
##<..........#
..........######..#
.#.########
####..#####
#.........#
#.........#
####.....†>..###
...............#
######@######....
#.....S..# ###
#........#
#........#
#......?.#
#....?...#
#........#
#........#


You could see an adder.

Vanquished Creatures
  A dart slug (D:1)
  A giant cockroach (D:1)
  2 goblins (D:1)
  3 hobgoblins
  4 jackals (D:1)
  4 bats (D:1)
  3 frilled lizards (D:1)
  4 kobolds (D:1)
  3 rats
25 creatures vanquished.

Notes
Turn   | Place    | Note
-------+----------+-------------------------------------------
     0 | D:1      | iamserjio the Draconian Monk began the quest for the Orb.
     0 | D:1      | Reached XP level 1. HP: 19/19 MP: 1/1
   111 | D:1      | Reached XP level 2. HP: 9/26 MP: 2/2
   258 | D:2      | Reached skill level 4 in Unarmed Combat
   258 | D:2      | Reached XP level 3. HP: 7/31 MP: 3/3
   279 | D:2      | Gained mutation: You are frail. (-10% HP) [potion of mutation]
   279 | D:2      | Gained mutation: You possess an exceptional clarity of mind. [potion of mutation]
   280 | D:2      | HP: 1/27 [poisoned by an adder]
   281 | D:2      | Quit the game

Vault maps used:
D:1:      ncdulo_wetmaze, minmay_surrounded
D:3:      overflow_temple_1_default

Skill      XL: |  1  2 |
---------------+-------+-----
Dodging        | 3 |  3.0
Unarmed Combat | 4 |  4.0
Fighting       | |  3.2
Stealth        | |  1.7

Action                   || total
-------------------------++-------
Melee: Unarmed           ||    82
       Tailslap          ||     5
       Punch             ||     1
  Use: Potion            ||     2
Armor: Skin              ||    30
Dodge: Dodged            ||    57

Table legend:
 A = Spawn XP
 B = Non-spawn XP
 C = Spawn XP percentage of total XP
 D = Spawn monster count
 E = Non-spawn monster count
 F = Spawn count percentage of total count
 G = Total turns spent on level
                    A         B        C        D         E        F      G
               +---------+---------+-------+---------+---------+-------+---------
         Total |       0 |      41 |   0.0 |       0 |      25 |   0.0 |   281
               +---------+---------+-------+---------+---------+-------+---------
           D:1 |       0 |      38 |   0.0 |       0 |      23 |   0.0 |   233
           D:2 |       0 |       3 |   0.0 |       0 |       2 |   0.0 |    33
               +---------+---------+-------+---------+---------+-------+---------
